![]() |
![]() |
![]() |
html PUBLIC "-//W3C//DTD XHTML 1.0 Transitional//EN" "http://www.w3.org/TR/xhtml1/DTD/xhtml1-transitional.dtd">
TEXAS TOROS vs SAN FRANCISCO SPIDERSCreated - 15 décembre 2024 at 09:26
1st period
1. TEXAS TOROS , Yegor Chinakhov 4 (Patrick Kane 11, Troy Terry 10) at 4:26
2. SAN FRANCISCO SPIDERS , Nick Bjugstad 7 (Gustav Nyquist 15, Sean Durzi 7) at 13:27 Penalties :
No Penalty
2nd period
3. SAN FRANCISCO SPIDERS , Brady Tkachuk 14 (Sebastian Aho 14) at 15:22
Penalties :
Dakota Joshua (SAF) for High sticking (Minor) at 15:49
3rd period
4. SAN FRANCISCO SPIDERS , Sebastian Aho 11 (Jared McCann 8) at 2:35
5. SAN FRANCISCO SPIDERS , Zach Hyman 15 (Andrei Svechnikov 8, Bo Horvat 18) at 15:29 Penalties :
Jacob Middleton (SAF) for Tripping (Minor) at 13:02
Goalie StatsPhilipp Grubauer (TEX), 35 saves from 39 shots - (0,897), L, 6-10-0, 60:00 minutes
Igor Shesterkin (SAF), 11 saves from 12 shots - (0,917), W, 19-4-1, 60:00 minutes
Players Stats for TEXAS TOROSPlayer Name G A P +/- PIM S H SB GA TA FO MP PP MP PK MP ------------------------------------------------------------------------------------ Bobby Brink 0 0 0 -1 0 3 0 0 0 0 1/2 12:33 0:47 0:00 Danton Heinen 0 0 0 0 0 1 0 0 0 0 0/0 10:08 0:14 0:00 Dougie Hamilton 0 0 0 1 0 0 1 4 0 0 0/0 21:27 2:11 0:00 Isaak Phillips 0 0 0 0 0 0 4 0 0 0 0/0 14:16 0:00 0:00 Kevin Hayes 0 0 0 -1 0 1 0 0 0 0 4/14 11:46 0:00 0:00 Logan Cooley 0 0 0 -3 0 1 1 0 0 0 0/2 18:29 1:46 0:00 Mikhail Sergachev 0 0 0 -4 0 0 2 3 0 0 0/0 24:39 1:47 0:00 Miles Wood 0 0 0 -1 0 1 2 0 0 0 0/0 11:46 0:00 0:00 Nate Schmidt 0 0 0 0 0 0 0 1 0 0 0/0 7:17 0:20 0:00 Owen Power 0 0 0 -4 0 0 0 2 0 0 0/0 28:56 1:47 0:00 Patrick Kane 0 1 1 1 0 0 0 0 0 0 1/2 19:51 2:12 0:00 Ryan Poehling 0 0 0 -3 0 0 1 2 0 0 4/20 16:43 0:00 0:00 Taylor Raddysh 0 0 0 0 0 0 1 0 0 0 0/0 9:54 0:00 0:00 Trevor Zegras 0 0 0 0 0 1 1 0 0 0 7/11 9:54 0:00 0:00 Troy Terry 0 1 1 1 0 1 2 0 0 0 6/23 19:51 2:12 0:00 Tyson Barrie 0 0 0 1 0 0 0 1 0 0 0/0 23:25 1:51 0:00 Tyson Foerster 0 0 0 -3 0 0 0 0 0 0 0/0 18:29 1:46 0:00 Yegor Chinakhov 1 0 1 1 0 3 1 0 0 0 0/0 20:36 2:57 0:00 Players Stats for SAN FRANCISCO SPIDERSPlayer Name G A P +/- PIM S H SB GA TA FO MP PP MP PK MP ------------------------------------------------------------------------------------ Andrei Svechnikov 0 1 1 1 0 0 0 0 0 0 2/2 17:14 0:00 0:00 Bo Horvat 0 1 1 1 0 4 0 0 0 0 15/21 18:49 0:00 1:28 Brady Tkachuk 1 0 1 2 0 4 3 0 0 0 0/0 16:49 0:00 0:00 Brent Burns 0 0 0 0 0 4 1 0 0 0 0/0 21:50 0:00 1:53 Brock Faber 0 0 0 4 0 4 0 2 0 0 0/0 25:17 0:00 2:06 Connor McMichael 0 0 0 0 0 1 0 0 0 0 1/1 5:02 0:00 0:00 Dakota Joshua 0 0 0 0 2 0 2 0 0 0 2/5 5:01 0:00 0:00 Gustav Nyquist 0 1 1 0 0 2 0 0 0 0 0/2 16:57 0:00 0:00 Jacob Middleton 0 0 0 0 2 0 2 1 0 0 0/0 18:04 0:00 0:31 Jared McCann 0 1 1 2 0 3 0 0 0 0 1/3 16:49 0:00 0:00 Justin Brazeau 0 0 0 0 0 0 1 0 0 0 0/0 5:02 0:00 0:00 Luke Hughes 0 0 0 -1 0 1 0 1 0 0 0/0 21:37 0:00 0:57 Nick Bjugstad 1 0 1 0 0 3 1 0 0 0 20/22 19:27 0:00 2:30 Sean Durzi 0 1 1 3 0 0 1 0 0 0 0/0 18:29 0:00 2:05 Sebastian Aho 1 1 2 2 0 6 0 0 0 0 10/17 16:49 0:00 0:00 Shea Theodore 0 0 0 0 0 0 0 1 0 0 0/0 14:35 0:00 0:24 Trevor Moore 0 0 0 0 0 4 2 0 0 0 0/1 19:27 0:00 2:30 Zach Hyman 1 0 1 1 0 3 1 0 0 0 0/0 18:42 0:00 1:28 3 Stars
1 - Sebastian Aho (SAF)
2 - Brady Tkachuk (SAF) 3 - Zach Hyman (SAF) Power PlayTEXAS TOROS - 0 on 2 Attempt(s) - 0,00%
SAN FRANCISCO SPIDERS - 0 on 0 Attempt(s) - 0,00%
Penalty KillTEXAS TOROS - 0 on 0 Attempt(s) - 0,00%
- Score 0 goal in Penalty Kill
SAN FRANCISCO SPIDERS - 2 on 2 Attempt(s) - 100,00%
- Score 0 goal in Penalty Kill
Team StatTEXAS TOROS - Hits : 16 - Faceoff Wins : 23 - Blocked Shots : 13 - Penalty Minutes : 0
SAN FRANCISCO SPIDERS - Hits : 14 - Faceoff Wins : 51 - Blocked Shots : 5 - Penalty Minutes : 4
Official
Referees : Chris Lee and Troy Paterson
Linesman : Scott Cherrey and Justin Cornell Game Notes
Shea Theodore is injured at 16:35 of 2nd period (Separated Left Shoulder)
FinanceLevel 1 -- Attendance: 6105 (100,00%) -- Ticket Income 915 750 $Level 2 -- Attendance: 5180 (100,00%) -- Ticket Income 518 000 $ Level 3 -- Attendance: 2035 (100,00%) -- Ticket Income 162 800 $ Level 4 -- Attendance: 4180 (100,00%) -- Ticket Income 250 800 $ Luxury Box -- Attendance: 1000 (100,00%) -- Ticket Income 300 000 $ Game was played at the Bay Area Sports Center. Total Attendance: 18500 (100,00%) Total Ticket Income: 2 147 350 $ Other Expense: 21 474 $ Total Income: 2 125 876 $ TEXAS TOROS5 vs 5 Forward Center Left Wing Right Wing Time % Phy DF OF 1 Troy Terry Yegor Chinakhov Patrick Kane 36 1 1 3 2 Ryan Poehling Logan Cooley Tyson Foerster 31 1 2 2 3 Kevin Hayes Miles Wood Bobby Brink 23 1 2 2 4 Trevor Zegras Taylor Raddysh Danton Heinen 10 1 2 2 5 vs 5 Defense Defense Defense Time % Phy DF OF 1 Mikhail Sergachev Owen Power 44 1 2 2 2 Dougie Hamilton Tyson Barrie 36 1 2 2 3 Tyson Barrie Isaak Phillips 10 1 2 2 4 Isaak Phillips Owen Power 10 1 2 2 PowerPlay Forward Center Left Wing Right Wing Time % Phy DF OF 1 Troy Terry Yegor Chinakhov Patrick Kane 65 1 2 2 2 Logan Cooley Tyson Foerster Bobby Brink 35 1 2 2 PowerPlay Defense Defense Defense Time % Phy DF OF 1 Mikhail Sergachev Owen Power 65 1 2 2 2 Dougie Hamilton Tyson Barrie 35 1 2 2 Penalty Kill 4 Players Forward Center Wing Time % Phy DF OF 1 Troy Terry Ryan Poehling 55 1 2 2 2 Kevin Hayes Tyson Foerster 45 1 2 2 Penalty Kill 4 Players Defense Defense Defense Time % Phy DF OF 1 Isaak Phillips Owen Power 55 1 2 2 2 Dougie Hamilton Tyson Barrie 45 1 2 2 Penalty Kill - 3 Players Forward Forward Time % Phy DF OF 1 Troy Terry 55 1 2 2 2 Ryan Poehling 45 1 2 2 Penalty Kill - 3 Players Defense Defense Defense Time % Phy DF OF 1 Isaak Phillips Owen Power 55 1 2 2 2 Dougie Hamilton Tyson Barrie 45 1 2 2 4 vs 4 Forward Center Wing Time % Phy DF OF 1 Troy Terry Trevor Zegras 55 1 2 2 2 Kevin Hayes Tyson Foerster 45 1 2 2 4 vs 4 Defense Defense Defense Time % Phy DF OF 1 Mikhail Sergachev Owen Power 55 1 2 2 2 Dougie Hamilton Tyson Barrie 45 1 2 2 Last Minutes Offensive Center Left Wing Right Wing Defense Defense Troy Terry Yegor Chinakhov Tyson Foerster Mikhail Sergachev Owen Power Last Minutes Defensive Center Left Wing Right Wing Defense Defense Troy Terry Yegor Chinakhov Tyson Foerster Mikhail Sergachev Owen Power Goaltenders Starting : Philipp Grubauer Backup : Adin Hill Extra Forwards Normal : Patrick Kane, Troy Terry, Logan Cooley - PP : Patrick Kane, Troy Terry - PK : Patrick Kane Extra Defensemen Normal : Nate Schmidt, Isaak Phillips, Dougie Hamilton - PP : Nate Schmidt - PK : Owen Power, Dougie Hamilton Penalty Shots Patrick Kane, Troy Terry, Kevin Hayes, Tyson Foerster, Yegor Chinakhov Custom OT Lines Forwards Troy Terry, Ryan Poehling, Kevin Hayes, Tyson Foerster, Yegor Chinakhov, Logan Cooley, Miles Wood, Taylor Raddysh, Trevor Zegras, Bobby Brink Custom OT Lines Defensemen Isaak Phillips, Owen Power, Dougie Hamilton, Tyson Barrie, Nate Schmidt Scratches Brandon Duhaime (Healthy), Philippe Myers (Healthy) SAN FRANCISCO SPIDERS5 vs 5 Forward Center Left Wing Right Wing Time % Phy DF OF 1 Bo Horvat Andrei Svechnikov Zach Hyman 30 0 2 3 2 Sebastian Aho Brady Tkachuk Jared McCann 30 0 2 3 3 Nick Bjugstad Trevor Moore Gustav Nyquist 30 0 2 3 4 Dakota Joshua Connor McMichael Justin Brazeau 10 1 3 1 5 vs 5 Defense Defense Defense Time % Phy DF OF 1 Shea Theodore Brent Burns 33 0 3 2 2 Brock Faber Sean Durzi 32 0 3 2 3 Luke Hughes Jacob Middleton 25 0 4 1 4 Shea Theodore Brock Faber 10 1 2 2 PowerPlay Forward Center Left Wing Right Wing Time % Phy DF OF 1 Sebastian Aho Andrei Svechnikov Zach Hyman 50 1 2 2 2 Bo Horvat Brady Tkachuk Jared McCann 50 1 2 2 PowerPlay Defense Defense Defense Time % Phy DF OF 1 Shea Theodore Brent Burns 55 1 2 2 2 Brock Faber Sean Durzi 45 1 2 2 Penalty Kill 4 Players Forward Center Wing Time % Phy DF OF 1 Nick Bjugstad Trevor Moore 55 1 2 2 2 Bo Horvat Zach Hyman 45 1 2 2 Penalty Kill 4 Players Defense Defense Defense Time % Phy DF OF 1 Shea Theodore Brent Burns 55 1 2 2 2 Brock Faber Sean Durzi 45 1 2 2 Penalty Kill - 3 Players Forward Forward Time % Phy DF OF 1 Nick Bjugstad 55 1 2 2 2 Trevor Moore 45 1 2 2 Penalty Kill - 3 Players Defense Defense Defense Time % Phy DF OF 1 Shea Theodore Brent Burns 55 1 2 2 2 Brock Faber Sean Durzi 45 1 2 2 4 vs 4 Forward Center Wing Time % Phy DF OF 1 Sebastian Aho Gustav Nyquist 55 1 2 2 2 Bo Horvat Zach Hyman 45 1 2 2 4 vs 4 Defense Defense Defense Time % Phy DF OF 1 Shea Theodore Brent Burns 55 1 2 2 2 Brock Faber Sean Durzi 45 1 2 2 Last Minutes Offensive Center Left Wing Right Wing Defense Defense Sebastian Aho Gustav Nyquist Zach Hyman Shea Theodore Brent Burns Last Minutes Defensive Center Left Wing Right Wing Defense Defense Sebastian Aho Gustav Nyquist Zach Hyman Shea Theodore Brent Burns Goaltenders Starting : Igor Shesterkin Backup : Justus Annunen Extra Forwards Normal : Connor McMichael, Nick Bjugstad, Trevor Moore - PP : Connor McMichael, Nick Bjugstad - PK : Trevor Moore Extra Defensemen Normal : Luke Hughes, Jacob Middleton, Brock Faber - PP : Luke Hughes - PK : Jacob Middleton, Brock Faber Penalty Shots Sebastian Aho, Gustav Nyquist, Bo Horvat, Zach Hyman, Brady Tkachuk Custom OT Lines Forwards Sebastian Aho, Gustav Nyquist, Bo Horvat, Zach Hyman, Brady Tkachuk, Nick Bjugstad, Jared McCann, Trevor Moore, Andrei Svechnikov, Dakota Joshua Custom OT Lines Defensemen Shea Theodore, Brent Burns, Brock Faber, Sean Durzi, Luke Hughes Scratches None
Play-by-Play1st period0:01 of 1st period - Troy Terry wins face-off versus Bo Horvat in neutral zone. 1:08 of 1st period - Off-side. 1:09 of 1st period - Kevin Hayes wins face-off versus Jared McCann in neutral zone. 1:16 of 1st period - Shot by Bobby Brink. 1:16 of 1st period - Stopped by Igor Shesterkin without a rebound. 1:17 of 1st period - Nick Bjugstad wins face-off versus Kevin Hayes in SAN FRANCISCO SPIDERS zone. 1:22 of 1st period - Miles Wood is hit by Trevor Moore and loses puck. 1:33 of 1st period - Shot by Gustav Nyquist. 1:33 of 1st period - Stopped by Philipp Grubauer without a rebound. 1:34 of 1st period - Ryan Poehling wins face-off versus Sebastian Aho in TEXAS TOROS zone. 1:34 of 1st period - Ryan Poehling is hit by Brady Tkachuk. 1:39 of 1st period - Off-side. 1:40 of 1st period - Trevor Zegras wins face-off versus Sebastian Aho in neutral zone. 2:47 of 1st period - Gustav Nyquist is hit by Logan Cooley and loses puck. 2:55 of 1st period - Icing by Jacob Middleton. 2:56 of 1st period - Nick Bjugstad wins face-off versus Kevin Hayes in SAN FRANCISCO SPIDERS zone. 2:56 of 1st period - Nick Bjugstad is hit by Miles Wood. 3:19 of 1st period - Icing by Nick Bjugstad. 3:20 of 1st period - Nick Bjugstad wins face-off versus Ryan Poehling in SAN FRANCISCO SPIDERS zone. 3:37 of 1st period - Shot by Trevor Moore. 3:37 of 1st period - Shot Blocked by Mikhail Sergachev. 3:57 of 1st period - Shot by Tyson Foerster. 3:57 of 1st period - Shot Blocked by Luke Hughes. 4:13 of 1st period - Patrick Kane is hit by Trevor Moore and loses puck. 4:24 of 1st period - Shot by Patrick Kane. 4:24 of 1st period - Shot Hit the Post. 4:26 of 1st period - Shot by Yegor Chinakhov. 4:26 of 1st period - Goal by Yegor Chinakhov - TEXAS TOROS : 1 - SAN FRANCISCO SPIDERS : 0. 4:27 of 1st period - Kevin Hayes wins face-off versus Dakota Joshua in neutral zone. 4:42 of 1st period - Shot by Bobby Brink. 4:42 of 1st period - Shot Misses the Net. 4:44 of 1st period - Shot by Kevin Hayes. 4:44 of 1st period - Stopped by Igor Shesterkin without a rebound. 4:45 of 1st period - Troy Terry wins face-off versus Sebastian Aho in SAN FRANCISCO SPIDERS zone. 4:56 of 1st period - Shot by Troy Terry. 4:56 of 1st period - Shot Misses the Net. 5:02 of 1st period - Shot by Brady Tkachuk. 5:02 of 1st period - Stopped by Philipp Grubauer without a rebound. 5:03 of 1st period - Bo Horvat wins face-off versus Ryan Poehling in TEXAS TOROS zone. 6:35 of 1st period - Sean Durzi is hit by Troy Terry and loses puck. 7:16 of 1st period - Shot by Miles Wood. 7:16 of 1st period - Deflect By Bobby Brink. 7:16 of 1st period - Stopped by Igor Shesterkin without a rebound. 7:17 of 1st period - Nick Bjugstad wins face-off versus Trevor Zegras in SAN FRANCISCO SPIDERS zone. 7:17 of 1st period - Nick Bjugstad is hit by Taylor Raddysh. 10:21 of 1st period - Icing by Brent Burns. 10:22 of 1st period - Dakota Joshua wins face-off versus Ryan Poehling in SAN FRANCISCO SPIDERS zone. 10:57 of 1st period - Shot by Gustav Nyquist. 10:57 of 1st period - Shot Blocked by Ryan Poehling. 11:20 of 1st period - Off-side. 11:21 of 1st period - Andrei Svechnikov wins face-off versus Troy Terry in neutral zone. 11:36 of 1st period - Shot by Zach Hyman. 11:36 of 1st period - Stopped by Philipp Grubauer without a rebound. 11:37 of 1st period - Trevor Zegras wins face-off versus Sebastian Aho in TEXAS TOROS zone. 11:37 of 1st period - Trevor Zegras is hit by Brady Tkachuk. 12:15 of 1st period - Shot by Jared McCann. 12:15 of 1st period - Shot Hit the Post. 12:17 of 1st period - Shot by Shea Theodore. 12:17 of 1st period - Shot Misses the Net. 12:56 of 1st period - Shot by Troy Terry. 12:56 of 1st period - Stopped by Igor Shesterkin without a rebound. 12:57 of 1st period - Nick Bjugstad wins face-off versus Ryan Poehling in SAN FRANCISCO SPIDERS zone. 13:06 of 1st period - Shot by Trevor Moore. 13:06 of 1st period - Shot Misses the Net. 13:14 of 1st period - Shot by Gustav Nyquist. 13:14 of 1st period - Shot Misses the Net. 13:27 of 1st period - Shot by Nick Bjugstad. 13:27 of 1st period - Goal by Nick Bjugstad - TEXAS TOROS : 1 - SAN FRANCISCO SPIDERS : 1. 13:28 of 1st period - Troy Terry wins face-off versus Bo Horvat in neutral zone. 14:13 of 1st period - Shea Theodore is hit by Yegor Chinakhov and loses puck. 15:25 of 1st period - Shot by Brady Tkachuk. 15:25 of 1st period - Shot Hit the Post. 15:35 of 1st period - Shot by Brady Tkachuk. 15:35 of 1st period - Stopped by Philipp Grubauer with a rebound. 15:53 of 1st period - Shot by Jared McCann. 15:53 of 1st period - Stopped by Philipp Grubauer without a rebound. 15:54 of 1st period - Dakota Joshua wins face-off versus Ryan Poehling in TEXAS TOROS zone. 16:48 of 1st period - Dakota Joshua is hit by Isaak Phillips and loses puck. 16:52 of 1st period - Icing by Isaak Phillips. 16:53 of 1st period - Bobby Brink wins face-off versus Sebastian Aho in TEXAS TOROS zone. 17:22 of 1st period - Brady Tkachuk is hit by Isaak Phillips and loses puck. 17:26 of 1st period - Jared McCann is hit by Isaak Phillips. 18:12 of 1st period - Shot by Taylor Raddysh. 18:12 of 1st period - Shot Misses the Net. 18:20 of 1st period - Shot by Bo Horvat. 18:20 of 1st period - Shot Misses the Net. 18:22 of 1st period - Shot by Zach Hyman. 18:22 of 1st period - Shot Misses the Net. 19:06 of 1st period - Shot by Trevor Moore. 19:06 of 1st period - Shot Misses the Net. 19:08 of 1st period - Shot by Gustav Nyquist. 19:08 of 1st period - Shot Misses the Net. 19:10 of 1st period - Shot by Trevor Moore. 19:10 of 1st period - Shot Blocked by Mikhail Sergachev. 19:24 of 1st period - Shot by Gustav Nyquist. 19:24 of 1st period - Shot Misses the Net. 19:33 of 1st period - Icing by Owen Power. 19:34 of 1st period - Trevor Zegras wins face-off versus Sebastian Aho in TEXAS TOROS zone. 19:56 of 1st period - Shot by Tyson Foerster. 19:56 of 1st period - Shot Misses the Net. Goals for this period are 1 for TEXAS TOROS vs 1 for SAN FRANCISCO SPIDERS. Shots for this period are 5 for TEXAS TOROS vs 6 for SAN FRANCISCO SPIDERS. 2nd period0:01 of 2nd period - Bo Horvat wins face-off versus Troy Terry in neutral zone. 0:35 of 2nd period - Bo Horvat is hit by Mikhail Sergachev and loses puck. 0:41 of 2nd period - Bo Horvat is hit by Mikhail Sergachev and loses puck. 0:48 of 2nd period - Shot by Bo Horvat. 0:48 of 2nd period - Stopped by Philipp Grubauer with a rebound. 1:06 of 2nd period - Shot by Nick Bjugstad. 1:06 of 2nd period - Shot Misses the Net. 1:08 of 2nd period - Shot by Gustav Nyquist. 1:08 of 2nd period - Shot Blocked by Owen Power. 1:12 of 2nd period - Shot by Nick Bjugstad. 1:12 of 2nd period - Shot Misses the Net. 1:14 of 2nd period - Shot by Nick Bjugstad. 1:14 of 2nd period - Shot Misses the Net. 1:18 of 2nd period - Shot by Gustav Nyquist. 1:18 of 2nd period - Shot Misses the Net. 1:20 of 2nd period - Shot by Luke Hughes. 1:20 of 2nd period - Stopped by Philipp Grubauer without a rebound. 1:21 of 2nd period - Sebastian Aho wins face-off versus Ryan Poehling in TEXAS TOROS zone. 2:01 of 2nd period - Shot by Sebastian Aho. 2:01 of 2nd period - Stopped by Philipp Grubauer with a rebound. 2:03 of 2nd period - Shot by Brock Faber. 2:03 of 2nd period - Stopped by Philipp Grubauer without a rebound. 2:04 of 2nd period - Nick Bjugstad wins face-off versus Kevin Hayes in TEXAS TOROS zone. 2:18 of 2nd period - Gustav Nyquist is hit by Miles Wood and loses puck. 4:01 of 2nd period - Shot by Tyson Foerster. 4:01 of 2nd period - Shot Misses the Net. 4:53 of 2nd period - Shot by Jared McCann. 4:53 of 2nd period - Shot Blocked by Tyson Barrie. 4:55 of 2nd period - Shot by Brock Faber. 4:55 of 2nd period - Stopped by Philipp Grubauer without a rebound. 4:56 of 2nd period - Connor McMichael wins face-off versus Kevin Hayes in TEXAS TOROS zone. 5:26 of 2nd period - Icing by Mikhail Sergachev. 5:27 of 2nd period - Sebastian Aho wins face-off versus Kevin Hayes in TEXAS TOROS zone. 5:36 of 2nd period - Shot by Brady Tkachuk. 5:36 of 2nd period - Shot Misses the Net. 6:32 of 2nd period - Shot by Yegor Chinakhov. 6:32 of 2nd period - The goal is going for a video replay. 6:32 of 2nd period - The goal is refused. 6:33 of 2nd period - Bo Horvat wins face-off versus Ryan Poehling in SAN FRANCISCO SPIDERS zone. 6:41 of 2nd period - Tyson Foerster is hit by Sean Durzi. 6:51 of 2nd period - Shot by Logan Cooley. 6:51 of 2nd period - Stopped by Igor Shesterkin without a rebound. 6:52 of 2nd period - Nick Bjugstad wins face-off versus Trevor Zegras in SAN FRANCISCO SPIDERS zone. 7:29 of 2nd period - Shot by Taylor Raddysh. 7:29 of 2nd period - Shot Misses the Net. 8:07 of 2nd period - Icing by Brock Faber. 8:08 of 2nd period - Bo Horvat wins face-off versus Ryan Poehling in SAN FRANCISCO SPIDERS zone. 8:17 of 2nd period - Shot by Zach Hyman. 8:17 of 2nd period - Stopped by Philipp Grubauer without a rebound. 8:18 of 2nd period - Sebastian Aho wins face-off versus Troy Terry in TEXAS TOROS zone. 8:38 of 2nd period - Troy Terry is hit by Jacob Middleton and loses puck. 9:51 of 2nd period - Shot by Bo Horvat. 9:51 of 2nd period - Stopped by Philipp Grubauer without a rebound. 9:52 of 2nd period - Nick Bjugstad wins face-off versus Kevin Hayes in TEXAS TOROS zone. 10:05 of 2nd period - Shot by Gustav Nyquist. 10:05 of 2nd period - Shot Misses the Net. 10:07 of 2nd period - Shot by Trevor Moore. 10:07 of 2nd period - Stopped by Philipp Grubauer without a rebound. 10:08 of 2nd period - Trevor Zegras wins face-off versus Dakota Joshua in TEXAS TOROS zone. 10:29 of 2nd period - Brent Burns is hit by Trevor Zegras and loses puck. 10:36 of 2nd period - Shot by Danton Heinen. 10:36 of 2nd period - Deflect By Trevor Zegras. 10:36 of 2nd period - Stopped by Igor Shesterkin without a rebound. 10:37 of 2nd period - Ryan Poehling wins face-off versus Bo Horvat in SAN FRANCISCO SPIDERS zone. 11:39 of 2nd period - Icing by Tyson Barrie. 11:40 of 2nd period - Nick Bjugstad wins face-off versus Ryan Poehling in TEXAS TOROS zone. 11:48 of 2nd period - Off-side. 11:49 of 2nd period - Troy Terry wins face-off versus Gustav Nyquist in neutral zone. 13:00 of 2nd period - Shot by Jared McCann. 13:00 of 2nd period - Shot Blocked by Nate Schmidt. 13:02 of 2nd period - Shot by Brady Tkachuk. 13:02 of 2nd period - Shot Hit the Post. 13:04 of 2nd period - Shot by Sebastian Aho. 13:04 of 2nd period - Shot Misses the Net. 13:16 of 2nd period - Shot by Miles Wood. 13:16 of 2nd period - Shot Misses the Net. 13:59 of 2nd period - Bo Horvat is hit by Dougie Hamilton. 14:20 of 2nd period - Miles Wood is hit by Jacob Middleton and loses puck. 15:20 of 2nd period - Icing by Mikhail Sergachev. 15:21 of 2nd period - Sebastian Aho wins face-off versus Ryan Poehling in TEXAS TOROS zone. 15:22 of 2nd period - Shot by Brady Tkachuk. 15:22 of 2nd period - Goal by Brady Tkachuk - TEXAS TOROS : 1 - SAN FRANCISCO SPIDERS : 2. 15:23 of 2nd period - Patrick Kane wins face-off versus Sebastian Aho in neutral zone. 15:25 of 2nd period - Troy Terry is hit by Brady Tkachuk and loses puck. 15:34 of 2nd period - Shot by Sebastian Aho. 15:34 of 2nd period - Stopped by Philipp Grubauer without a rebound. 15:35 of 2nd period - Ryan Poehling wins face-off versus Dakota Joshua in TEXAS TOROS zone. 15:48 of 2nd period - Shot by Connor McMichael. 15:48 of 2nd period - Stopped by Philipp Grubauer with a rebound. 15:49 of 2nd period - Minor Penalty to Dakota Joshua for High sticking. 15:50 of 2nd period - Nick Bjugstad wins face-off versus Troy Terry in SAN FRANCISCO SPIDERS zone. 16:03 of 2nd period - Shot by Owen Power. 16:03 of 2nd period - Shot Misses the Net. 16:35 of 2nd period - Shot by Troy Terry. 16:35 of 2nd period - Shot Blocked by Shea Theodore. 16:35 of 2nd period - Shea Theodore from SAN FRANCISCO SPIDERS is injured at 16:35 of 2nd period (Separated Left Shoulder). 16:36 of 2nd period - Nick Bjugstad wins face-off versus Logan Cooley in SAN FRANCISCO SPIDERS zone. 16:44 of 2nd period - Icing by Yegor Chinakhov. 16:45 of 2nd period - Nick Bjugstad wins face-off versus Logan Cooley in TEXAS TOROS zone. 18:19 of 2nd period - Kevin Hayes is hit by Brent Burns and loses puck. 18:58 of 2nd period - Shot by Trevor Moore. 18:58 of 2nd period - Stopped by Philipp Grubauer without a rebound. 18:59 of 2nd period - Bo Horvat wins face-off versus Ryan Poehling in TEXAS TOROS zone. 18:59 of 2nd period - Brock Faber is hit by Isaak Phillips and loses puck. 19:24 of 2nd period - Shot by Brock Faber. 19:24 of 2nd period - Stopped by Philipp Grubauer without a rebound. 19:25 of 2nd period - Trevor Zegras wins face-off versus Nick Bjugstad in TEXAS TOROS zone. 19:25 of 2nd period - Trevor Zegras is hit by Nick Bjugstad. 19:43 of 2nd period - Shot by Danton Heinen. 19:43 of 2nd period - Stopped by Igor Shesterkin without a rebound. 19:44 of 2nd period - Bo Horvat wins face-off versus Troy Terry in SAN FRANCISCO SPIDERS zone. 19:46 of 2nd period - Icing by Andrei Svechnikov. 19:47 of 2nd period - Bo Horvat wins face-off versus Troy Terry in SAN FRANCISCO SPIDERS zone. Goals for this period are 0 for TEXAS TOROS vs 1 for SAN FRANCISCO SPIDERS. Shots for this period are 4 for TEXAS TOROS vs 13 for SAN FRANCISCO SPIDERS. 3rd period0:01 of 3rd period - Nick Bjugstad wins face-off versus Patrick Kane in neutral zone. 0:30 of 3rd period - Shot by Patrick Kane. 0:30 of 3rd period - Deflect By Yegor Chinakhov. 0:30 of 3rd period - Shot Blocked by Brock Faber. 0:44 of 3rd period - Shot by Trevor Moore. 0:44 of 3rd period - Shot Misses the Net. 1:18 of 3rd period - Shot by Brady Tkachuk. 1:18 of 3rd period - Stopped by Philipp Grubauer without a rebound. 1:19 of 3rd period - Bo Horvat wins face-off versus Kevin Hayes in TEXAS TOROS zone. 1:22 of 3rd period - Shot by Andrei Svechnikov. 1:22 of 3rd period - Shot Misses the Net. 1:24 of 3rd period - Shot by Bo Horvat. 1:24 of 3rd period - Stopped by Philipp Grubauer without a rebound. 1:25 of 3rd period - Sebastian Aho wins face-off versus Bobby Brink in TEXAS TOROS zone. 1:36 of 3rd period - Shot by Bobby Brink. 1:36 of 3rd period - Stopped by Igor Shesterkin without a rebound. 1:37 of 3rd period - Andrei Svechnikov wins face-off versus Ryan Poehling in SAN FRANCISCO SPIDERS zone. 1:37 of 3rd period - Andrei Svechnikov is hit by Ryan Poehling. 2:07 of 3rd period - Shot by Zach Hyman. 2:07 of 3rd period - Shot Blocked by Ryan Poehling. 2:09 of 3rd period - Shot by Bo Horvat. 2:09 of 3rd period - Shot Blocked by Owen Power. 2:11 of 3rd period - Shot by Zach Hyman. 2:11 of 3rd period - Shot Misses the Net. 2:35 of 3rd period - Shot by Sebastian Aho. 2:35 of 3rd period - Goal by Sebastian Aho - TEXAS TOROS : 1 - SAN FRANCISCO SPIDERS : 3. 2:36 of 3rd period - Sebastian Aho wins face-off versus Troy Terry in neutral zone. 2:36 of 3rd period - Brady Tkachuk is hit by Troy Terry and loses puck. 2:42 of 3rd period - Icing by Brock Faber. 2:43 of 3rd period - Sebastian Aho wins face-off versus Troy Terry in SAN FRANCISCO SPIDERS zone. 3:39 of 3rd period - Icing by Dougie Hamilton. 3:40 of 3rd period - Nick Bjugstad wins face-off versus Troy Terry in TEXAS TOROS zone. 3:47 of 3rd period - Shot by Nick Bjugstad. 3:47 of 3rd period - Stopped by Philipp Grubauer with a rebound. 4:07 of 3rd period - Shot by Brent Burns. 4:07 of 3rd period - Stopped by Philipp Grubauer without a rebound. 4:08 of 3rd period - Bo Horvat wins face-off versus Ryan Poehling in TEXAS TOROS zone. 4:14 of 3rd period - Off-side. 4:15 of 3rd period - Bo Horvat wins face-off versus Ryan Poehling in neutral zone. 4:54 of 3rd period - Shot by Tyson Foerster. 4:54 of 3rd period - Shot Misses the Net. 5:24 of 3rd period - Icing by Andrei Svechnikov. 5:25 of 3rd period - Trevor Zegras wins face-off versus Bo Horvat in SAN FRANCISCO SPIDERS zone. 5:46 of 3rd period - Shot by Trevor Zegras. 5:46 of 3rd period - Shot Misses the Net. 6:00 of 3rd period - Shot by Nick Bjugstad. 6:00 of 3rd period - Stopped by Philipp Grubauer without a rebound. 6:01 of 3rd period - Sebastian Aho wins face-off versus Troy Terry in TEXAS TOROS zone. 6:37 of 3rd period - Shot by Sebastian Aho. 6:37 of 3rd period - Stopped by Philipp Grubauer with a rebound. 7:17 of 3rd period - Shot by Brent Burns. 7:17 of 3rd period - Shot Misses the Net. 7:19 of 3rd period - Shot by Brent Burns. 7:19 of 3rd period - Stopped by Philipp Grubauer without a rebound. 7:20 of 3rd period - Kevin Hayes wins face-off versus Trevor Moore in TEXAS TOROS zone. 7:37 of 3rd period - Shot by Kevin Hayes. 7:37 of 3rd period - Deflect By Bobby Brink. 7:37 of 3rd period - Shot Misses the Net. 7:51 of 3rd period - Shot by Kevin Hayes. 7:51 of 3rd period - Shot Misses the Net. 7:56 of 3rd period - Icing by Brent Burns. 7:57 of 3rd period - Nick Bjugstad wins face-off versus Ryan Poehling in SAN FRANCISCO SPIDERS zone. 8:02 of 3rd period - Shot by Trevor Moore. 8:02 of 3rd period - Stopped by Philipp Grubauer with a rebound. 8:24 of 3rd period - Ryan Poehling is hit by Justin Brazeau. 8:31 of 3rd period - Tyson Foerster is hit by Dakota Joshua and loses puck. 8:57 of 3rd period - Mikhail Sergachev is hit by Dakota Joshua and loses puck. 9:13 of 3rd period - Icing by Mikhail Sergachev. 9:14 of 3rd period - Bo Horvat wins face-off versus Ryan Poehling in TEXAS TOROS zone. 9:23 of 3rd period - Shot by Zach Hyman. 9:23 of 3rd period - Deflect By Bo Horvat. 9:23 of 3rd period - Stopped by Philipp Grubauer with a rebound. 9:30 of 3rd period - Off-side. 9:31 of 3rd period - Sebastian Aho wins face-off versus Troy Terry in neutral zone. 10:06 of 3rd period - Shot by Brady Tkachuk. 10:06 of 3rd period - Shot Blocked by Dougie Hamilton. 10:08 of 3rd period - Shot by Brock Faber. 10:08 of 3rd period - Stopped by Philipp Grubauer without a rebound. 10:09 of 3rd period - Nick Bjugstad wins face-off versus Kevin Hayes in TEXAS TOROS zone. 10:14 of 3rd period - Shot by Gustav Nyquist. 10:14 of 3rd period - Deflect By Nick Bjugstad. 10:14 of 3rd period - Shot Misses the Net. 10:16 of 3rd period - Shot by Nick Bjugstad. 10:16 of 3rd period - Deflect By Gustav Nyquist. 10:16 of 3rd period - Stopped by Philipp Grubauer without a rebound. 10:17 of 3rd period - Bo Horvat wins face-off versus Kevin Hayes in TEXAS TOROS zone. 11:18 of 3rd period - Shot by Yegor Chinakhov. 11:18 of 3rd period - Stopped by Igor Shesterkin without a rebound. 11:19 of 3rd period - Jared McCann wins face-off versus Troy Terry in SAN FRANCISCO SPIDERS zone. 11:48 of 3rd period - Shot by Brady Tkachuk. 11:48 of 3rd period - Shot Blocked by Dougie Hamilton. 12:02 of 3rd period - Shot by Yegor Chinakhov. 12:02 of 3rd period - Shot Blocked by Brock Faber. 12:53 of 3rd period - Off-side. 12:54 of 3rd period - Kevin Hayes wins face-off versus Bo Horvat in neutral zone. 12:54 of 3rd period - Miles Wood is hit by Zach Hyman and loses puck. 13:02 of 3rd period - Minor Penalty to Jacob Middleton for Tripping. 13:03 of 3rd period - Nick Bjugstad wins face-off versus Troy Terry in SAN FRANCISCO SPIDERS zone. 13:30 of 3rd period - Icing by Troy Terry. 13:31 of 3rd period - Nick Bjugstad wins face-off versus Troy Terry in TEXAS TOROS zone. 15:23 of 3rd period - Shot by Jared McCann. 15:23 of 3rd period - Stopped by Philipp Grubauer without a rebound. 15:24 of 3rd period - Bo Horvat wins face-off versus Kevin Hayes in TEXAS TOROS zone. 15:29 of 3rd period - Shot by Zach Hyman. 15:29 of 3rd period - Goal by Zach Hyman - TEXAS TOROS : 1 - SAN FRANCISCO SPIDERS : 4. 15:30 of 3rd period - Trevor Zegras wins face-off versus Bo Horvat in neutral zone. 15:42 of 3rd period - Icing by Tyson Barrie. 15:43 of 3rd period - Sebastian Aho wins face-off versus Trevor Zegras in TEXAS TOROS zone. 15:50 of 3rd period - Shot by Sebastian Aho. 15:50 of 3rd period - Stopped by Philipp Grubauer without a rebound. 15:51 of 3rd period - Troy Terry wins face-off versus Nick Bjugstad in TEXAS TOROS zone. 15:55 of 3rd period - Off-side. 15:56 of 3rd period - Nick Bjugstad wins face-off versus Troy Terry in neutral zone. 16:09 of 3rd period - Shot by Gustav Nyquist. 16:09 of 3rd period - Shot Blocked by Mikhail Sergachev. 16:39 of 3rd period - Icing by Mikhail Sergachev. 16:40 of 3rd period - Bo Horvat wins face-off versus Troy Terry in TEXAS TOROS zone. 17:03 of 3rd period - Shot by Logan Cooley. 17:03 of 3rd period - Shot Misses the Net. 17:51 of 3rd period - Shot by Miles Wood. 17:51 of 3rd period - Shot Blocked by Jacob Middleton. 18:01 of 3rd period - Shot by Miles Wood. 18:01 of 3rd period - Stopped by Igor Shesterkin without a rebound. 18:02 of 3rd period - Nick Bjugstad wins face-off versus Trevor Zegras in SAN FRANCISCO SPIDERS zone. 18:15 of 3rd period - Shot by Trevor Moore. 18:15 of 3rd period - Shot Misses the Net. 18:36 of 3rd period - Icing by Sean Durzi. 18:37 of 3rd period - Troy Terry wins face-off versus Gustav Nyquist in SAN FRANCISCO SPIDERS zone. 18:46 of 3rd period - Shot by Patrick Kane. 18:46 of 3rd period - Shot Misses the Net. 18:56 of 3rd period - Shot by Trevor Moore. 18:56 of 3rd period - Stopped by Philipp Grubauer without a rebound. 18:57 of 3rd period - Ryan Poehling wins face-off versus Jared McCann in TEXAS TOROS zone. 19:14 of 3rd period - Shot by Jared McCann. 19:14 of 3rd period - Shot Misses the Net. 19:16 of 3rd period - Shot by Sebastian Aho. 19:16 of 3rd period - Shot Blocked by Dougie Hamilton. 19:18 of 3rd period - Shot by Brent Burns. 19:18 of 3rd period - Shot Blocked by Dougie Hamilton. 19:20 of 3rd period - Shot by Brent Burns. 19:20 of 3rd period - Stopped by Philipp Grubauer with a rebound. 19:22 of 3rd period - Shot by Brent Burns. 19:22 of 3rd period - Stopped by Philipp Grubauer with a rebound. 19:36 of 3rd period - Shot by Sebastian Aho. 19:36 of 3rd period - Stopped by Philipp Grubauer with a rebound. 19:38 of 3rd period - Shot by Jared McCann. 19:38 of 3rd period - Stopped by Philipp Grubauer without a rebound. 19:39 of 3rd period - Bo Horvat wins face-off versus Troy Terry in TEXAS TOROS zone. Goals for this period are 0 for TEXAS TOROS vs 2 for SAN FRANCISCO SPIDERS. Shots for this period are 3 for TEXAS TOROS vs 20 for SAN FRANCISCO SPIDERS. Back to the Top |
VINCE DUNN ![]() |
JAMIE BENN ![]() |
JONATHAN DROUIN ![]() |
![]() |